TOP OF THE 1ST |
Los Angeles Dodgers batting - Pitching for San Diego Padres : RHP Adam Thompson
|
Pitching: RHP Adam Thompson
|
|
Batting: RHB Clay Buchanan
|
0-0: Ball 1-0: Foul Ball, location: 2F 1-1: Foul Ball, location: 2F 1-2: Ball 2-2: Foul Ball, location: 2F 2-2: Ball 3-2: Strikes out swinging
|
Batting: RHB Tsutomu Irie
|
0-0: Ball 1-0: Ball 2-0: Foul Ball, location: 2F 2-1: Swinging Strike 2-2: Ground out 4-3 (Groundball, 4S, EV 88.1 MPH)
|
Batting: LHB Lirak Bazhunaishvili
|
0-0: Ball 1-0: Ball 2-0: Ball 3-0: Base on Balls
|
Batting: SHB Shane Marcum
|
0-0: Called Strike 0-1: Swinging Strike 0-2: Ball 1-2: Foul Ball, location: 2F 1-2: Ball 2-2: 2-RUN HOME RUN (Flyball, 89XD, EV 107.5 MPH), Distance : 416 ft
|
Batting: LHB Juan Concepcion
|
0-0: Ball 1-0: Ball 2-0: Called Strike 2-1: Foul Ball, location: 2F 2-2: Ball 3-2: Fly out, F9 (Flyball, 9, EV 84.4 MPH)
|
Top of the 1st over - 2 runs, 1 hit, 0 errors, 0 left on base; Los Angeles 2 - San Diego 0 |
BOTTOM OF THE 1ST |
San Diego Padres batting - Pitching for Los Angeles Dodgers : RHP Jeremy Stock
|
Pitching: RHP Jeremy Stock
|
|
Batting: RHB Hildo Pot
|
0-0: Called Strike 0-1: Ball 1-1: Swinging Strike 1-2: Ball 2-2: Foul Ball, location: 2F 2-2: Foul Ball, location: 2F 2-2: Fly out, F2 (Popup, 5SF, EV 73.8 MPH)
|
Batting: SHB Phil Zacharia
|
0-0: Ball 1-0: Foul Ball, location: 2F 1-1: Swinging Strike 1-2: Ball 2-2: Ball 3-2: Base on Balls
|
Batting: RHB Elijah Campbell
|
0-0: Ground out 5-3 (Groundball, 56S, EV 72.5 MPH) Phil Zacharia to second
|
Batting: LHB Mike Holt
|
0-0: Called Strike 0-1: SINGLE (Groundball, 34D, EV 97.5 MPH) Phil Zacharia to third
|
Batting: RHB Hugo Bautista
|
0-0: Ball 1-0: Foul Ball, location: 2F 1-1: Ball 2-1: Foul Ball, location: 2F 2-2: Strikes out looking
|
Bottom of the 1st over - 0 runs, 1 hit, 0 errors, 2 left on base; Los Angeles 2 - San Diego 0 |
TOP OF THE 2ND |
Los Angeles Dodgers batting - Pitching for San Diego Padres : RHP Adam Thompson
|
Batting: RHB Danny Dyer
|
0-0: Called Strike 0-1: Ball 1-1: Swinging Strike 1-2: Ball 2-2: Strikes out swinging
|
Batting: SHB Joel Baker
|
0-0: Ball 1-0: SINGLE (Groundball, 25, EV 66.9 MPH) (infield hit)
|
Batting: RHB Tim Nettles
|
0-0: Swinging Strike 0-1: Ball 1-1: Ball 2-1: Swinging Strike 2-2: Foul Ball, location: 2F 2-2: Foul Ball, location: 2F 2-2: Fly out, F7 (Flyball, 7, EV 91.9 MPH)
|
Batting: RHB Ben Mischnick
|
0-0: Ball 1-0: Foul Ball, location: 2F 1-1: Called Strike 1-2: Ball 2-2: Strikes out swinging
|
Top of the 2nd over - 0 runs, 1 hit, 0 errors, 1 left on base; Los Angeles 2 - San Diego 0 |
BOTTOM OF THE 2ND |
San Diego Padres batting - Pitching for Los Angeles Dodgers : RHP Jeremy Stock
|
Batting: RHB Luis Torres
|
0-0: Ball 1-0: DOUBLE (Line Drive, 9LD, EV 113.8 MPH)
|
Batting: RHB Eisse Bravenboer
|
0-0: Called Strike Luis Torres is caught stealing 3rd base 2-5 0-1: Ball 1-1: Foul Ball, location: 2F 1-2: Ball 2-2: Foul Ball, location: 2F 2-2: DOUBLE (Line Drive, 3D, EV 99.4 MPH)
|
Batting: RHB Masashi Yukizawa
|
0-0: Called Strike 0-1: Ground out 5-3 (Groundball, 56, EV 99.4 MPH)
|
Batting: RHB Wally Cangro
|
0-0: Ball 1-0: Fly out, F4 (Popup, 4S, EV 80.6 MPH)
|
Bottom of the 2nd over - 0 runs, 2 hits, 0 errors, 1 left on base; Los Angeles 2 - San Diego 0 |
TOP OF THE 3RD |
Los Angeles Dodgers batting - Pitching for San Diego Padres : RHP Adam Thompson
|
Batting: RHB Clay Buchanan
|
0-0: SINGLE (Groundball, 56D, EV 83.8 MPH) (infield hit)
|
Batting: RHB Tsutomu Irie
|
0-0: Ball 1-0: Sac Bunt to 13 - play at first, batter OUT! 1-3 Clay Buchanan to second
|
Batting: LHB Lirak Bazhunaishvili
|
0-0: Swinging Strike 0-1: Foul Ball, location: 2F 0-2: Ball 1-2: Ball 2-2: Ball 3-2: Fly out, F7 (Flyball, 78S, EV 80.6 MPH)
|
Batting: SHB Shane Marcum
|
0-0: Ball 1-0: Ball 2-0: Called Strike 2-1: Ball 3-1: Base on Balls
|
Batting: LHB Juan Concepcion
|
0-0: Fly out, F7 (Flyball, 78M, EV 90.6 MPH)
|
Top of the 3rd over - 0 runs, 1 hit, 0 errors, 2 left on base; Los Angeles 2 - San Diego 0 |
BOTTOM OF THE 3RD |
San Diego Padres batting - Pitching for Los Angeles Dodgers : RHP Jeremy Stock
|
Batting: RHB Hildo Pot
|
0-0: Fly out, F8 (Flyball, 8RD, EV 101.9 MPH)
|
Batting: SHB Phil Zacharia
|
0-0: Swinging Strike 0-1: Called Strike 0-2: Foul Ball, location: 2F 0-2: Foul Ball, location: 2F 0-2: Ball 1-2: SINGLE (Flyball, 8LS, EV 94.4 MPH)
|
Batting: RHB Elijah Campbell
|
0-0: Called Strike 0-1: Ball 1-1: Foul Ball, location: 2F 1-2: Ball 2-2: Foul Ball, location: 2F 2-2: Foul Ball, location: 2F 2-2: Ball 3-2: Base on Balls Phil Zacharia to second
|
Batting: LHB Mike Holt
|
0-0: Ball 1-0: Foul Ball, location: 2F 1-1: Called Strike 1-2: Reached on error, E1 (Groundball, 15S, EV 68.8 MPH) Phil Zacharia to third Elijah Campbell to second
|
Batting: RHB Hugo Bautista
|
0-0: Ball 1-0: GRAND SLAM HOME RUN (Flyball, 8RXD, EV 103.8 MPH), Distance : 416 ft
|
Batting: RHB Luis Torres
|
0-0: Ball 1-0: Ball 2-0: Ball 3-0: Base on Balls
|
Batting: RHB Eisse Bravenboer
|
0-0: Ball 1-0: Called Strike 1-1: Called Strike 1-2: Ball 2-2: Foul Ball, location: 2F 2-2: Strikes out swinging
|
Batting: RHB Masashi Yukizawa
|
0-0: Foul Ball, location: 2F 0-1: Fly out, F8 (Flyball, 8RM, EV 93.8 MPH)
|
Bottom of the 3rd over - 4 runs, 2 hits, 1 error, 1 left on base; Los Angeles 2 - San Diego 4 |
TOP OF THE 4TH |
Los Angeles Dodgers batting - Pitching for San Diego Padres : RHP Adam Thompson
|
Batting: RHB Danny Dyer
|
0-0: SINGLE (Groundball, 56D, EV 104.4 MPH)
|
Batting: SHB Joel Baker
|
0-0: Ball 1-0: Foul Ball, location: 2F 1-1: Ball 2-1: Called Strike 2-2: SINGLE (Flyball, 6MD, EV 85.6 MPH) Danny Dyer to second
|
Batting: RHB Tim Nettles
|
0-0: Ball 1-0: Ball 2-0: Foul Ball, location: 2F 2-1: Swinging Strike 2-2: Strikes out looking
|
Batting: RHB Ben Mischnick
|
0-0: Ball 1-0: Called Strike 1-1: Ball 2-1: DOUBLE (Line Drive, 89XD, EV 100.0 MPH) Danny Dyer scores Joel Baker to third Runner from 3rd tries for Home, SAFE, no throw by RF
|
Batting: RHB Clay Buchanan
|
0-0: Ball 1-0: Called Strike 1-1: Called Strike 1-2: Strikes out swinging
|
Batting: RHB Tsutomu Irie
|
0-0: Ball 1-0: Foul Ball, location: 2F 1-1: Fly out, F9 (Flyball, 89S, EV 85.6 MPH)
|
Top of the 4th over - 2 runs, 3 hits, 0 errors, 1 left on base; Los Angeles 4 - San Diego 4 |
BOTTOM OF THE 4TH |
San Diego Padres batting - Pitching for Los Angeles Dodgers : RHP Jeremy Stock
|
Batting: RHB Wally Cangro
|
0-0: Ground out 4-3 (Groundball, 4, EV 104.4 MPH)
|
Batting: RHB Hildo Pot
|
0-0: Called Strike 0-1: Called Strike 0-2: SINGLE (Groundball, 6M, EV 103.1 MPH) (infield hit)
|
Batting: SHB Phil Zacharia
|
0-0: Called Strike 0-1: Called Strike 0-2: Ball 1-2: Ball 2-2: Foul Ball, location: 2F 2-2: Ball 3-2: Foul Ball, location: 2F 3-2: SINGLE (Line Drive, 8LS, EV 96.9 MPH) Hildo Pot to second Hildo Pot to third
|
Batting: RHB Elijah Campbell
|
0-0: Ball 1-0: Ground out 4-3 (Groundball, 4MS, EV 70.0 MPH) Hildo Pot scores Phil Zacharia to second
|
Pitching: RHP Nick Harmon
|
|
Batting: LHB Mike Holt
|
0-0: Ball 1-0: Foul Ball, location: 2F 1-1: Ball 2-1: Foul Ball, location: 2F 2-2: Ball 3-2: Foul Ball, location: 2F 3-2: Foul Ball, location: 2F 3-2: DOUBLE (Groundball, 3L, EV 102.5 MPH) Phil Zacharia scores
|
Batting: RHB Hugo Bautista
|
0-0: 2-RUN HOME RUN (Flyball, 8RXD, EV 105.0 MPH), Distance : 427 ft
|
Batting: RHB Luis Torres
|
0-0: Ball 1-0: Called Strike 1-1: Foul Ball, location: 2F 1-2: Ball 2-2: Foul Ball, location: 2F 2-2: Ball 3-2: Ground out 4-3 (Groundball, 4, EV 87.5 MPH)
|
Bottom of the 4th over - 4 runs, 4 hits, 0 errors, 0 left on base; Los Angeles 4 - San Diego 8 |
TOP OF THE 5TH |
Los Angeles Dodgers batting - Pitching for San Diego Padres : RHP Adam Thompson
|
Batting: LHB Lirak Bazhunaishvili
|
0-0: Called Strike 0-1: Swinging Strike 0-2: Ball 1-2: Foul Ball, location: 2F 1-2: Foul Ball, location: 2F 1-2: Strikes out swinging
|
Batting: SHB Shane Marcum
|
0-0: Called Strike 0-1: SINGLE (Groundball, P, EV 88.1 MPH) (infield hit)
|
Batting: LHB Juan Concepcion
|
0-0: Ball 1-0: Called Strike Shane Marcum steals 2nd base 1-1: Swinging Strike 1-2: Ball 2-2: Strikes out looking
|
Batting: RHB Danny Dyer
|
0-0: Called Strike 0-1: Called Strike 0-2: Ball 1-2: Ball 2-2: Foul Ball, location: 2F 2-2: Fly out, F8 (Line Drive, 8LD, EV 98.1 MPH)
|
Top of the 5th over - 0 runs, 1 hit, 0 errors, 1 left on base; Los Angeles 4 - San Diego 8 |
BOTTOM OF THE 5TH |
San Diego Padres batting - Pitching for Los Angeles Dodgers : RHP Nick Harmon
|
Batting: RHB Eisse Bravenboer
|
0-0: Called Strike 0-1: Ball 1-1: Called Strike 1-2: Ground out 4-3 (Groundball, 34, EV 83.8 MPH)
|
Batting: RHB Masashi Yukizawa
|
0-0: Foul Ball, location: 2F 0-1: Ground out 5-3 (Groundball, 5, EV 83.8 MPH)
|
Batting: RHB Wally Cangro
|
0-0: Called Strike 0-1: Ball 1-1: Swinging Strike 1-2: Ground out U3 (Groundball, 23, EV 89.4 MPH)
|
Bottom of the 5th over - 0 runs, 0 hits, 0 errors, 0 left on base; Los Angeles 4 - San Diego 8 |
TOP OF THE 6TH |
Los Angeles Dodgers batting - Pitching for San Diego Padres : RHP Adam Thompson
|
Pitching: LHP Yuri Thra
|
|
Batting: SHB Joel Baker
|
0-0: Fly out, F7 (Flyball, 78M, EV 81.9 MPH)
|
Batting: RHB Tim Nettles
|
0-0: Called Strike 0-1: Ball 1-1: Called Strike 1-2: Foul Ball, location: 2F 1-2: Ball 2-2: Foul Ball, location: 2F 2-2: Fly out, F9 (Flyball, 89S, EV 88.1 MPH)
|
Batting: RHB Ben Mischnick
|
0-0: Ball 1-0: Called Strike 1-1: Ball 2-1: Fly out, F7 (Flyball, 7, EV 85.6 MPH)
|
Top of the 6th over - 0 runs, 0 hits, 0 errors, 0 left on base; Los Angeles 4 - San Diego 8 |
BOTTOM OF THE 6TH |
San Diego Padres batting - Pitching for Los Angeles Dodgers : RHP Nick Harmon
|
Batting: RHB Hildo Pot
|
0-0: Swinging Strike 0-1: Foul Ball, location: 2F 0-2: Ball 1-2: Ball 2-2: Foul Ball, location: 2F 2-2: Ball 3-2: Foul Ball, location: 2F 3-2: Ground out 4-3 (Groundball, 4M, EV 86.2 MPH)
|
Batting: SHB Phil Zacharia
|
0-0: Swinging Strike 0-1: Called Strike 0-2: Ball 1-2: Ball 2-2: Foul Ball, location: 2F 2-2: Ball 3-2: Base on Balls
|
Pitching: RHP Craig Fallon
|
|
Batting: RHB Elijah Campbell
|
0-0: Fly out, F9 (Flyball, 9S, EV 86.9 MPH)
|
Batting: LHB Mike Holt
|
0-0: Called Strike 0-1: Swinging Strike 0-2: Ball 1-2: Fielders Choice at 2nd, 5-4 (Groundball, 5L, EV 77.5 MPH)
|
Bottom of the 6th over - 0 runs, 0 hits, 0 errors, 1 left on base; Los Angeles 4 - San Diego 8 |
TOP OF THE 7TH |
Los Angeles Dodgers batting - Pitching for San Diego Padres : LHP Yuri Thra
|
Batting: RHB Clay Buchanan
|
0-0: Ball 1-0: Swinging Strike 1-1: Swinging Strike 1-2: Ball 2-2: Foul Ball, location: 2F 2-2: Ground out 4-3 (Groundball, 4, EV 107.5 MPH)
|
Batting: RHB Tsutomu Irie
|
0-0: Ball 1-0: Called Strike 1-1: Foul Ball, location: 2F 1-2: Foul Ball, location: 2F 1-2: Ground out 5-3 (Groundball, 56, EV 105.0 MPH)
|
Batting: LHB Lirak Bazhunaishvili
|
0-0: Called Strike 0-1: Foul Ball, location: 2F 0-2: Ball 1-2: Foul Ball, location: 2F 1-2: Ball 2-2: Ball 3-2: Fly out, F4 (Popup, 4MD, EV 52.5 MPH)
|
Top of the 7th over - 0 runs, 0 hits, 0 errors, 0 left on base; Los Angeles 4 - San Diego 8 |
BOTTOM OF THE 7TH |
San Diego Padres batting - Pitching for Los Angeles Dodgers : RHP Craig Fallon
|
Pitching: LHP Gavin White
|
|
Batting: RHB Hugo Bautista
|
0-0: Ball 1-0: Swinging Strike 1-1: Called Strike 1-2: Ball 2-2: Ball 3-2: Foul Ball, location: 2F 3-2: Foul Ball, location: 2F 3-2: Base on Balls
|
Batting: RHB Luis Torres
|
0-0: Foul Ball, location: 2F 0-1: Ball 1-1: Called Strike 1-2: Ball 2-2: SINGLE (Line Drive, 34D, EV 107.5 MPH) Hugo Bautista to second
|
Batting: RHB Eisse Bravenboer
|
0-0: Called Strike 0-1: Ball 1-1: Ball 2-1: Fly out, F8 (Flyball, 8RD, EV 97.5 MPH)
|
Pitching: RHP Jon Schau
|
|
Batting: RHB Masashi Yukizawa
|
0-0: Foul Ball, location: 2F 0-1: Foul Ball, location: 2F 0-2: Foul Ball, location: 2F 0-2: Ball 1-2: Foul Ball, location: 2F 1-2: Foul Ball, location: 2F 1-2: Ball 2-2: Grounds into double play, 4-6-3 (Groundball, 34D, EV 83.8 MPH)
|
Bottom of the 7th over - 0 runs, 1 hit, 0 errors, 1 left on base; Los Angeles 4 - San Diego 8 |
TOP OF THE 8TH |
Los Angeles Dodgers batting - Pitching for San Diego Padres : LHP Yuri Thra
|
Pitching: RHP Marshall Barron
|
|
Batting: SHB Shane Marcum
|
0-0: Ball 1-0: Ball 2-0: Foul Ball, location: 2F 2-1: Called Strike 2-2: Fly out, F7 (Flyball, 78D, EV 101.9 MPH)
|
Batting: LHB Juan Concepcion
|
0-0: Ball 1-0: Called Strike 1-1: Ball 2-1: Ball 3-1: Base on Balls
|
Batting: RHB Danny Dyer
|
0-0: Ball 1-0: Grounds into double play, 6-4-3 (Groundball, 56D, EV 85.6 MPH)
|
Top of the 8th over - 0 runs, 0 hits, 0 errors, 0 left on base; Los Angeles 4 - San Diego 8 |
BOTTOM OF THE 8TH |
San Diego Padres batting - Pitching for Los Angeles Dodgers : RHP Jon Schau
|
Pitching: RHP Nate Allen
|
|
Batting: RHB Wally Cangro
|
0-0: Called Strike 0-1: Ground out 5-3 (Groundball, 56S, EV 75.0 MPH)
|
Batting: RHB Hildo Pot
|
0-0: Ball 1-0: Ball 2-0: Called Strike 2-1: Foul Ball, location: 2F 2-2: Ball 3-2: Base on Balls
|
Batting: SHB Phil Zacharia
|
0-0: Swinging Strike 0-1: Ball 1-1: Fly out, F8 (Flyball, 8LD, EV 88.1 MPH)
|
Batting: RHB Elijah Campbell
|
0-0: Ball 1-0: Ball 2-0: Foul Ball, location: 2F 2-1: Ball 3-1: SINGLE (Line Drive, 8RS, EV 93.1 MPH) Hildo Pot to second Runner from 2nd tries for 3rd, SAFE, throw by CF made to third
|
Batting: LHB Mike Holt
|
0-0: Fielders Choice at 2nd, 6-4 (Groundball, 6, EV 81.9 MPH)
|
Bottom of the 8th over - 0 runs, 1 hit, 0 errors, 2 left on base; Los Angeles 4 - San Diego 8 |
TOP OF THE 9TH |
Los Angeles Dodgers batting - Pitching for San Diego Padres : RHP Marshall Barron
|
Batting: SHB Joel Baker
|
0-0: Ball 1-0: Ball 2-0: Called Strike 2-1: DOUBLE (Groundball, 3L, EV 100.0 MPH)
|
Batting: RHB Tim Nettles
|
0-0: Ball 1-0: Ball 2-0: Ball 3-0: Base on Balls
|
Pitching: RHP Arturo Diaz
|
|
Batting: RHB Ben Mischnick
|
0-0: Called Strike 0-1: Swinging Strike 0-2: Strikes out swinging
|
Batting: RHB Clay Buchanan
|
0-0: Called Strike 0-1: Foul Ball, location: 2F 0-2: Ball 1-2: Strikes out swinging
|
Batting: RHB Tsutomu Irie
|
0-0: Called Strike 0-1: Swinging Strike 0-2: SINGLE (Line Drive, 4D, EV 94.4 MPH) Joel Baker to third Tim Nettles to second
|
Batting: LHB Lirak Bazhunaishvili
|
0-0: Ball 1-0: Foul Ball, location: 2F 1-1: Foul Ball, location: 2F 1-2: GRAND SLAM HOME RUN (Flyball, 89XD, EV 110.0 MPH), Distance : 446 ft
|
Batting: SHB Shane Marcum
|
0-0: Called Strike 0-1: Foul Ball, location: 2F 0-2: Ball 1-2: Ball 2-2: Fly out, F8 (Flyball, 78M, EV 81.9 MPH)
|
Top of the 9th over - 4 runs, 3 hits, 0 errors, 0 left on base; Los Angeles 8 - San Diego 8 |
BOTTOM OF THE 9TH |
San Diego Padres batting - Pitching for Los Angeles Dodgers : RHP Nate Allen
|
Pitching: RHP Joon-ho Rhee
|
|
Batting: RHB Hugo Bautista
|
0-0: Ball 1-0: Foul Ball, location: 2F 1-1: Ball 2-1: Swinging Strike 2-2: Ball 3-2: Base on Balls
|
Batting: RHB Luis Torres
|
0-0: Swinging Strike 0-1: Ball Hugo Bautista is caught stealing 2nd base 2-4 1-1: Ball 2-1: Ball 3-1: Called Strike 3-2: DOUBLE (Groundball, 5L, EV 96.9 MPH)
|
Batting: RHB Eisse Bravenboer
|
0-0: Intentional Walk
|
Batting: RHB Masashi Yukizawa
|
0-0: Ball 1-0: Ground out 3-1 (Groundball, 3, EV 84.4 MPH) Luis Torres to third Eisse Bravenboer to second
|
Batting: RHB Wally Cangro
|
0-0: Ball 1-0: Foul Ball, location: 2F 1-1: Fly out, F9 (Flyball, 9D, EV 85.0 MPH)
|
Bottom of the 9th over - 0 runs, 1 hit, 0 errors, 2 left on base; Los Angeles 8 - San Diego 8 |
TOP OF THE 10TH |
Los Angeles Dodgers batting - Pitching for San Diego Padres : RHP Arturo Diaz
|
Batting: LHB Juan Concepcion
|
0-0: Fly out, F8 (Flyball, 89D, EV 85.0 MPH)
|
Batting: RHB Danny Dyer
|
0-0: Fly out, F9 (Line Drive, 9S, EV 88.1 MPH)
|
Batting: SHB Joel Baker
|
0-0: Ball 1-0: Ball 2-0: Called Strike 2-1: Ball 3-1: Called Strike 3-2: Base on Balls
|
Batting: RHB Tim Nettles
|
0-0: Swinging Strike 0-1: Ground out 6-3 (Groundball, 6S, EV 80.6 MPH)
|
Top of the 10th over - 0 runs, 0 hits, 0 errors, 1 left on base; Los Angeles 8 - San Diego 8 |
BOTTOM OF THE 10TH |
San Diego Padres batting - Pitching for Los Angeles Dodgers : RHP Joon-ho Rhee
|
Pitching: RHP Bo Chia
|
|
Batting: RHB Hildo Pot
|
0-0: Called Strike 0-1: Called Strike 0-2: Foul Ball, location: 2F 0-2: Ball 1-2: Strikes out swinging
|
Batting: SHB Phil Zacharia
|
0-0: Foul Ball, location: 2F 0-1: Swinging Strike 0-2: Ball 1-2: Foul Ball, location: 2F 1-2: Ball 2-2: SINGLE (Groundball, 34D, EV 111.2 MPH)
|
Batting: RHB Elijah Campbell
|
0-0: Ball 1-0: Foul Ball, location: 2F 1-1: Called Strike 1-2: Grounds into double play, 4-6-3 (Groundball, 4, EV 104.4 MPH)
|
Bottom of the 10th over - 0 runs, 1 hit, 0 errors, 0 left on base; Los Angeles 8 - San Diego 8 |
TOP OF THE 11TH |
Los Angeles Dodgers batting - Pitching for San Diego Padres : RHP Arturo Diaz
|
Batting: RHB Ben Mischnick
|
0-0: Foul Ball, location: 2F 0-1: Foul Ball, location: 2F 0-2: Ball 1-2: Ball 2-2: Ball 3-2: Ground out 4-3 (Groundball, 4M, EV 103.1 MPH)
|
Batting: RHB Clay Buchanan
|
0-0: Ball 1-0: Ball 2-0: SINGLE (Line Drive, 89S, EV 105.6 MPH)
|
Pitching: RHP Bryce Cleavinger
|
|
Batting: RHB Tsutomu Irie
|
0-0: Ball 1-0: Called Strike 1-1: Ball 2-1: Called Strike 2-2: Foul Ball, location: 2F 2-2: Strikes out swinging
|
Batting: LHB Lirak Bazhunaishvili
|
0-0: Ball 1-0: Foul Ball, location: 2F 1-1: Swinging Strike 1-2: Ground out 4-3 (Groundball, 34, EV 85.0 MPH)
|
Top of the 11th over - 0 runs, 1 hit, 0 errors, 1 left on base; Los Angeles 8 - San Diego 8 |
BOTTOM OF THE 11TH |
San Diego Padres batting - Pitching for Los Angeles Dodgers : RHP Bo Chia
|
Batting: LHB Mike Holt
|
0-0: Foul Ball, location: 2F 0-1: Called Strike 0-2: Ground out 3-1 (Groundball, 34S, EV 76.9 MPH)
|
Batting: RHB Hugo Bautista
|
0-0: Ball 1-0: Ground out 5-3 (Groundball, 5, EV 100.6 MPH)
|
Batting: RHB Luis Torres
|
0-0: Ball 1-0: Swinging Strike 1-1: Ball 2-1: Ground out 6-3 (Groundball, 4M, EV 81.2 MPH)
|
Bottom of the 11th over - 0 runs, 0 hits, 0 errors, 0 left on base; Los Angeles 8 - San Diego 8 |
TOP OF THE 12TH |
Los Angeles Dodgers batting - Pitching for San Diego Padres : RHP Bryce Cleavinger
|
Batting: SHB Shane Marcum
|
0-0: Ball 1-0: Called Strike 1-1: Called Strike 1-2: Ball 2-2: Foul Ball, location: 2F 2-2: Ball 3-2: Base on Balls
|
Batting: LHB Juan Concepcion
|
Pickoff Throw to First - Out! 1-3 0-0: Ball 1-0: Ball 2-0: Called Strike 2-1: Ball 3-1: Base on Balls
|
Batting: RHB Danny Dyer
|
Pickoff Throw to First - Out! 1-3 CS 0-0: Called Strike 0-1: Ball 1-1: Ball 2-1: Ball 3-1: Swinging Strike 3-2: Foul Ball, location: 2F 3-2: Foul Ball, location: 2F 3-2: Fly out, F7 (Line Drive, 7LM, EV 94.4 MPH)
|
Top of the 12th over - 0 runs, 0 hits, 0 errors, 0 left on base; Los Angeles 8 - San Diego 8 |
BOTTOM OF THE 12TH |
San Diego Padres batting - Pitching for Los Angeles Dodgers : RHP Bo Chia
|
Batting: RHB Eisse Bravenboer
|
0-0: Called Strike 0-1: Swinging Strike 0-2: Strikes out swinging
|
Batting: RHB Masashi Yukizawa
|
0-0: Called Strike 0-1: Ball 1-1: Fly out, F6 (Popup, 4S, EV 79.4 MPH)
|
Batting: RHB Wally Cangro
|
0-0: Fly out, F2 (Popup, 23F, EV 85.0 MPH)
|
Bottom of the 12th over - 0 runs, 0 hits, 0 errors, 0 left on base; Los Angeles 8 - San Diego 8 |
TOP OF THE 13TH |
Los Angeles Dodgers batting - Pitching for San Diego Padres : RHP Bryce Cleavinger
|
Pitching: RHP Angelo Radford
|
|
Batting: SHB Joel Baker
|
0-0: Swinging Strike 0-1: Fly out, F7 (Flyball, 78M, EV 90.6 MPH)
|
Batting: RHB Tim Nettles
|
0-0: Called Strike 0-1: Ball 1-1: Ball 2-1: Called Strike 2-2: Ball 3-2: Strikes out swinging
|
Batting: RHB Ben Mischnick
|
0-0: Ball 1-0: Ball 2-0: Called Strike 2-1: Swinging Strike 2-2: Strikes out swinging
|
Top of the 13th over - 0 runs, 0 hits, 0 errors, 0 left on base; Los Angeles 8 - San Diego 8 |
BOTTOM OF THE 13TH |
San Diego Padres batting - Pitching for Los Angeles Dodgers : RHP Bo Chia
|
Pitching: RHP Jon Harris
|
|
Batting: RHB Hildo Pot
|
0-0: Foul Ball, location: 2F 0-1: Swinging Strike 0-2: Ball 1-2: Foul Ball, location: 2F 1-2: Strikes out swinging
|
Batting: SHB Phil Zacharia
|
0-0: Ball 1-0: Fly out, F8 (Flyball, 8LS, EV 87.5 MPH)
|
Batting: RHB Elijah Campbell
|
0-0: Ball 1-0: Swinging Strike 1-1: Ball 2-1: Fly out, F9 (Flyball, 9S, EV 93.1 MPH)
|
Bottom of the 13th over - 0 runs, 0 hits, 0 errors, 0 left on base; Los Angeles 8 - San Diego 8 |
TOP OF THE 14TH |
Los Angeles Dodgers batting - Pitching for San Diego Padres : RHP Angelo Radford
|
Batting: RHB Clay Buchanan
|
0-0: Called Strike 0-1: Ball 1-1: Ball 2-1: Ground out U3 (Groundball, 3, EV 106.9 MPH)
|
Batting: RHB Tsutomu Irie
|
0-0: Fly out, F8 (Line Drive, 8RM, EV 90.0 MPH)
|
Batting: LHB Lirak Bazhunaishvili
|
0-0: Swinging Strike 0-1: Fly out, F7 (Flyball, 78S, EV 76.2 MPH)
|
Top of the 14th over - 0 runs, 0 hits, 0 errors, 0 left on base; Los Angeles 8 - San Diego 8 |
BOTTOM OF THE 14TH |
San Diego Padres batting - Pitching for Los Angeles Dodgers : RHP Jon Harris
|
Batting: LHB Mike Holt
|
0-0: Foul Ball, location: 2F 0-1: Foul Ball, location: 2F 0-2: Ball 1-2: Strikes out swinging
|
Batting: RHB Hugo Bautista
|
0-0: Called Strike 0-1: Called Strike 0-2: Strikes out looking
|
Batting: RHB Luis Torres
|
0-0: Ball 1-0: Called Strike 1-1: Foul Ball, location: 2F 1-2: Ground out 6-3 (Groundball, 6, EV 89.4 MPH)
|
Bottom of the 14th over - 0 runs, 0 hits, 0 errors, 0 left on base; Los Angeles 8 - San Diego 8 |
TOP OF THE 15TH |
Los Angeles Dodgers batting - Pitching for San Diego Padres : RHP Angelo Radford
|
Batting: SHB Shane Marcum
|
0-0: Ball 1-0: Called Strike 1-1: Foul Ball, location: 2F 1-2: SINGLE (Groundball, 34D, EV 104.4 MPH)
|
Batting: LHB Juan Concepcion
|
0-0: Called Strike 0-1: Foul Ball, location: 2F 0-2: Foul Ball, location: 2F 0-2: Ball 1-2: Ball 2-2: Strikes out swinging
|
Pitching: RHP Nate Mull
|
|
Batting: RHB Danny Dyer
|
0-0: Called Strike 0-1: Called Strike 0-2: Strikes out looking
|
Batting: SHB Joel Baker
|
0-0: Called Strike Shane Marcum steals 2nd, throwing error, E2 Shane Marcum to third 0-1: Called Strike 0-2: Strikes out swinging
|
Top of the 15th over - 0 runs, 1 hit, 1 error, 1 left on base; Los Angeles 8 - San Diego 8 |
BOTTOM OF THE 15TH |
San Diego Padres batting - Pitching for Los Angeles Dodgers : RHP Jon Harris
|
Batting: RHB Eisse Bravenboer
|
0-0: Fly out, F8 (Flyball, 8RD, EV 97.5 MPH)
|
Batting: RHB Masashi Yukizawa
|
0-0: Ball 1-0: Ball 2-0: Ball 3-0: Base on Balls
|
Pinch Hitting: LHB Carlos Cuellar
|
0-0: SINGLE (Groundball, 56D, EV 103.8 MPH) Masashi Yukizawa to second Runner from 2nd tries for 3rd, SAFE, throw by LF made to third
|
Batting: RHB Hildo Pot
|
0-0: Ball 1-0: Foul Ball, location: 2F 1-1: Ball 2-1: Foul Ball, location: 2F 2-2: Foul Ball, location: 2F 2-2: Ball 3-2: Foul Ball, location: 2F 3-2: Strikes out looking
|
Batting: SHB Phil Zacharia
|
0-0: Fly out, F8 (Flyball, 89D, EV 89.4 MPH)
|
Bottom of the 15th over - 0 runs, 1 hit, 0 errors, 2 left on base; Los Angeles 8 - San Diego 8 |
TOP OF THE 16TH |
Los Angeles Dodgers batting - Pitching for San Diego Padres : RHP Nate Mull
|
Now in CF: Mike Holt
|
|
Now in RF: Carlos Cuellar
|
|
Batting: RHB Tim Nettles
|
0-0: Ball 1-0: Ball 2-0: Swinging Strike 2-1: Foul Ball, location: 2F 2-2: Ball 3-2: Strikes out swinging
|
Batting: RHB Ben Mischnick
|
0-0: Foul Ball, location: 2F 0-1: Ground out 5-3 (Groundball, 56, EV 96.9 MPH)
|
Batting: RHB Clay Buchanan
|
0-0: Fly out, F8 (Flyball, 8RD, EV 81.9 MPH)
|
Top of the 16th over - 0 runs, 0 hits, 0 errors, 0 left on base; Los Angeles 8 - San Diego 8 |
BOTTOM OF THE 16TH |
San Diego Padres batting - Pitching for Los Angeles Dodgers : RHP Jon Harris
|
Batting: RHB Elijah Campbell
|
0-0: Called Strike 0-1: Ball 1-1: Ball 2-1: Ground out 5-3 (Groundball, 56, EV 88.1 MPH)
|
Batting: LHB Mike Holt
|
0-0: Foul Ball, location: 2F 0-1: Ball 1-1: SOLO HOME RUN (Flyball, 9LD, EV 94.4 MPH), Distance : 344 ft
|
Bottom of the 16th over - 1 run, 1 hit, 0 errors, 0 left on base; Los Angeles 8 - San Diego 9 |
|